 Dungeon Crawl Stone Soup version 0.30-a0-722-g3e6e8c874d (webtiles) character file.

Game seed: 12759432130711383051

1959 Arximoufas the Destroyer (level 9, 0/45 HPs)
             Began as a Deep Elf Conjurer on Jan 28, 2023.
             Was an Initiate of Sif Muna.
             Slain by a hornet (12 damage)
             ... on level 8 of the Dungeon.
             The game lasted 00:34:29 (11077 turns).

Arximoufas the Destroyer (Deep Elf Conjurer)       Turns: 11077, Time: 00:34:29

Health: 0/45       AC:  3    Str:  4    XL:     9   Next: 0%
Magic:  18/18      EV: 12    Int: 28    God:    Sif Muna [......]
Gold:   459        SH:  0    Dex: 13    Spells: 10/18 levels left

rFire   . . .      SeeInvis .    w - +5 whip (freeze)
rCold   . . .      Faith    .    (no shield)
rNeg    . . .      Spirit   .    a - +0 robe
rPois   .          Reflect  .    (no helmet)
rElec   .          Harm     .    (no cloak)
rCorr   .          Rampage  .    n - +0 pair of gloves
Will    .....                    (no boots)
Stlth   +++                      (no amulet)
HPRegen 0.27/turn                (no ring)
MPRegen 0.16/turn                (no ring)

@: lethally poisoned (0 -> -8), slowed, very slow
A: no striking features
a: Renounce Religion


You were on level 8 of the Dungeon.
You worshipped Sif Muna.
Sif Muna was noncommittal.
You visited 2 branches of the dungeon, and saw 10 of its levels.
You also visited: Sewer.

You collected 459 gold pieces.

Inventory:

Hand Weapons
 w - a +5 whip of freezing (weapon)
Missiles
 q - 28 poisoned darts
 z - a throwing net
 B - a curare-tipped dart
Armour
 a - a +0 robe (worn)
 n - a +0 pair of gloves (worn)
Magical Staves
 D - a staff of earth
Jewellery
 d - a +6 ring of dexterity
Wands
 k - a wand of mindburst (6)
 C - a wand of acid (9)
 E - a wand of flame (13)
Scrolls
 b - 2 scrolls of brand weapon {unknown}
 e - 3 scrolls of identify
 f - a scroll of fear {unknown}
 i - a scroll of summoning {unknown}
 j - a scroll of enchant armour {unknown}
 m - 3 scrolls of poison
 r - 2 scrolls of fog {unknown}
 s - a scroll of magic mapping {unknown}
 t - 3 scrolls of immolation
 u - 4 scrolls of amnesia {unknown}
 x - 2 scrolls of teleportation {unknown}
 y - 3 scrolls of blinking {unknown}
 A - a scroll of enchant weapon {unknown}
Potions
 c - a potion of attraction {unknown}
 g - a potion of ambrosia
 h - 2 potions of brilliance {unknown}
 l - 6 potions of flight
 o - a potion of resistance {unknown}
 p - a potion of berserk rage {unknown}
 v - 2 potions of might {unknown}
 F - a potion of curing


   Skills:
 - Level 2.4 Dodging
 - Level 5.0 Stealth
 - Level 5.0 Spellcasting
 - Level 9.3 Conjurations
 + Level 7.7 Air Magic


You had 10 spell levels left.
You knew the following spells:

 Your Spells              Type           Power      Damage    Failure   Level
a - Magic Dart            Conj           100%       1d8       1%          1
b - Airstrike             Air            25%        2d(4-20)  2%          4
c - Swiftness             Air            50%        N/A       1%          3

Your spell library contained the following spells:

 Spells                   Type           Power      Damage    Failure   Level
 Shock                    Conj/Air       100%       1d9       1%          1
 Searing Ray              Conj           100%       2d8       1%          2
 Dazzling Flash           Conj/Hex       66%        N/A       3%          3
 Vhi's Electric Charge    Tloc/Air       56%        N/A       4%          3
 Arcjolt                  Conj/Air       26%        1d36      5%          5
 Fulminant Prism          Conj/Hex       16%        3d11      10%         4
 Iskenderun's Mystic Bla  Conj/Tloc      33%        2d8       10%         4
 Maxwell's Capacitive Co  Air            25%        ∞         100%        8


Dungeon Overview and Level Annotations

Branches:
Dungeon (9/15)             Temple (1/1) D:6           Sewer (visited)
   Lair: D:8-11         Orc: D:9-12

Altars:
Ashenzari
Cheibriados
Dithmenos
Elyvilon
Fedhas
Gozag
Hepliaklqana
Kikubaaqudgha
Makhleb
Nemelex Xobeh
Okawaru
Qazlal
Ru
Sif Muna
Uskayaw
Vehumet
Wu Jian
Xom
Yredelemnul
The Shining One

Shops:
D:4 [

Annotations:
D:2 Terence


Message History

Casting: Airstrike (dangerous; 2% risk of failure)
Confirm with . or Enter, or press ? or * to list all spells.
You don't know that spell.
Aiming: Mindburst
Press: ? - help, Shift-Dir - straight line, f - hornet
Aim: a hornet (chance to affect: 55%)
The hornet's mind is blasted!!
Aiming: Mindburst
Press: ? - help, Shift-Dir - straight line, f/p - hornet
Aim: a hornet (heavily wounded, chance to affect: 55%)
The hornet resists with significant effort.
Aiming: Mindburst
Press: ? - help, Shift-Dir - straight line, f/p - hornet
Aim: a hornet (heavily wounded, chance to affect: 55%)
The hornet resists with significant effort.
Aiming: Mindburst
Press: ? - help, Shift-Dir - straight line, f/p - hornet
Aim: a hornet (heavily wounded, chance to affect: 55%)
The hornet resists with significant effort.
The hornet closely misses you. The hornet barely misses you.
Aiming: Mindburst
Press: ? - help, Shift-Dir - straight line, f/p - hornet
Aim: a hornet (heavily wounded, chance to affect: 55%)
The hornet's mind is blasted!
The hornet stings you!
You suddenly lose the ability to move!
The hornet stings you!
You are poisoned.
You feel yourself slow down. The hornet stings you!
You feel as though you will be slow longer.
You can move again.
Aiming: Mindburst
Press: ? - help, Shift-Dir - straight line, f/p - hornet
Aim: a hornet (severely wounded, chance to affect: 55%)
The hornet resists with significant effort.
You feel very sick. The hornet stings you.
* * * LOW HITPOINT WARNING * * *
You feel as though you will be slow longer.
The hornet stings you!
You die...

#.# #. #.##..
#.##.# #.##.######
#.##>$.....
#..........
####.###### #y# #
#@# #. #.# #.# #.#
####..#######
#.##..............
#.##.#######.#..##
#.##.#######.#..##
#.##.........#..##
#.##.........#....
#.##.........##...


You could see a hornet.

Vanquished Creatures
  2 water moccasins (D:7)
  A sky beast (D:8)
  2 ogres (D:6)
  2 centaurs
  A phantom (D:6)
  A bullfrog (D:7)
  A necrophage (D:5)
  2 kobold brigands
  A gnoll sergeant (D:7)
  2 scorpions
  2 jellies
  4 hounds
  An orc priest (D:6)
  2 iguanas (D:5)
  5 orc wizards
  6 gnolls
  15 adders
  4 river rats
  A shadow imp (D:7)
  3 white imps
  An ufetubus (D:5)
  9 worms
  A dart slug (D:2)
  19 orcs
  8 ball pythons
  6 endoplasms
  2 giant cockroaches
  7 goblins
  9 hobgoblins
  8 jackals
  3 quokkas
  13 bats
  2 frilled lizards (Sewer)
  3 goblin zombies (D:7)
  4 hobgoblin zombies (D:7)
  11 kobolds
  2 kobold skeletons (D:7)
  An orc skeleton (D:7)
  8 rats
175 creatures vanquished.

Notes
Turn   | Place    | Note
-------+----------+-------------------------------------------
     0 | D:1      | Arximoufas the Deep Elf Conjurer began the quest for the
                  | Orb.
     0 | D:1      | Reached XP level 1. HP: 10/10 MP: 6/6
   161 | D:1      | Reached XP level 2. HP: 13/15 MP: 5/8
   917 | D:2      | Reached skill level 5 in Conjurations
   917 | D:2      | Reached XP level 3. HP: 19/19 MP: 1/9
  1299 | D:2      | Noticed Terence
  1789 | D:2      | Reached XP level 4. HP: 24/24 MP: 6/10
  2271 | D:3      | Found a glowing drain.
  2324 | Sewer    | Entered a sewer
  2853 | Sewer    | Reached skill level 5 in Stealth
  2867 | Sewer    | Reached XP level 5. HP: 12/28 MP: 9/11
  3122 | Sewer    | Reached skill level 6 in Conjurations
  4316 | D:4      | Reached XP level 6. HP: 29/32 MP: 7/13
  4374 | D:4      | Found a stormy altar of Qazlal.
  4540 | D:4      | Reached skill level 7 in Conjurations
  4812 | D:4      | Found Elibepom's Antique Armour Boutique.
  5039 | D:4      | Found a sparkling altar of Nemelex Xobeh.
  5297 | D:5      | Entered Level 5 of the Dungeon
  5647 | D:5      | Reached skill level 5 in Spellcasting
  5818 | D:5      | Reached XP level 7. HP: 27/36 MP: 12/16
  6013 | D:5      | Reached skill level 8 in Conjurations
  6890 | D:6      | You fall into a shaft and drop 3 floors!
  7143 | D:6      | Reached skill level 9 in Conjurations
  7235 | D:6      | Learned a level 4 spell: Airstrike
  7287 | D:6      | Reached skill level 1 in Air Magic
  7545 | D:6      | Reached XP level 8. HP: 41/41 MP: 10/17
  7717 | D:6      | Found a staircase to the Ecumenical Temple.
  7724 | Temple   | Entered the Ecumenical Temple
  7724 | Temple   | Found a transporter.
  7724 | Temple   | Found a transporter.
  7726 | Temple   | Found a transporter.
  7726 | Temple   | Found a transporter.
  7739 | Temple   | Became a worshipper of Sif Muna the Loreminder
  7929 | D:6      | Learned a level 3 spell: Swiftness
  8898 | D:6      | Reached skill level 5 in Air Magic
  9595 | D:7      | Found a glowing golden altar of the Shining One.
 10734 | D:8      | Noticed a hornet
 11000 | D:8      | Reached XP level 9. HP: 45/45 MP: 9/18
 11075 | D:8      | Paralysed by a hornet for 2 turns
 11077 | D:8      | Slain by a hornet

Illustrated notes

Levels and vault maps discovered:
D:1:      dpeg_arrival_tiny_a, layout_basic
D:2:      layout_basic, roderic_roman_lattice, uniq_terence
D:3:      layout_basic, portal_sewer_entry_a
D:4:      layout_rooms, nicolae_qazlal_general_emergency,
          lemuel_coloured_pillars_altar, serial_shops, nicolae_square_shop
D:5:      layout_loops_ring, minmay_misc_feat_more_columns
D:6:      layout_gridville, minmay_temple_entry_nine_rooms, kennysheep_nub
D:7:      layout_layer_cave, nicolae_tso_besieged_by_evil
D:8:      layout_basic, david_lair_generic, serial_shops, shop,
          chequers_serial_rivers_large_a, minmay_manual_maat, uniq_maggie
D:9:      layout_roguey, bloody_trog, orc_0_dummy, serial_shops,
          nicolae_square_shop, uniq_prince_ribbit1
Temple:   hellmonk_temple_divided_pantheon

Skill      XL: |  1  2  3  4  5  6  7  8 |
---------------+-------------------------+-----
Stealth        | 3 4 5 |  5.0
Conjurations   | 5 6 7 9 |  9.3
Spellcasting   | 5 |  5.0
Air Magic      | 2 7 |  7.7
Dodging        | |  2.4

Action                     |  1- 3 |  4- 6 |  7- 9 || total
---------------------------+-------+-------+-------++-------
  Melee: Unarmed           |       |     3 |       ||     3
   Cast: Magic Dart        |    91 |   236 |   259 ||   586
         Airstrike         |       |       |     8 ||     8
  Evoke: Wand              |       |       |    14 ||    14
    Use: Potion            |     1 |     3 |     9 ||    13
         Scroll            |       |     1 |     1 ||     2
 Armour: Robe              |     5 |     3 |    24 ||    32
  Dodge: Dodged            |    18 |    44 |    51 ||   113

Table legend: (Time is in decaauts)
 A = Elapsed time spent in this place.
 B = Non-inter-level travel time spent in this place.
 C = Inter-level travel time spent in this place.
 D = Time resting spent in this place.
 E = Time spent auto-exploring this place.
 F = Levels seen in this place.
 G = Mean time per level.
                   A        B        C        D        E       F      G
               +--------+--------+--------+--------+--------+-----+--------+
         Total |  11195 |  10822 |    373 |   3630 |   4525 |  11 | 1017.7 |
       Dungeon |   9627 |   9254 |    373 |   2931 |   4149 |   9 | 1069.7 |
        Temple |     53 |     53 |      0 |      0 |      0 |   1 |   53.0 |
         Sewer |   1513 |   1513 |      0 |    699 |    376 |   1 | 1513.0 |
               +--------+--------+--------+--------+--------+-----+--------+

Top non-repeatable levels by time:
     D:6: 2065 daAuts
     D:5: 1645 daAuts
     D:7: 1548 daAuts
   Sewer: 1513 daAuts
     D:2: 1248 daAuts
     D:4: 1039 daAuts
     D:1: 893 daAuts
     D:3: 811 daAuts
     D:8: 367 daAuts
  Temple: 53 daAuts
     D:9: 7 daAuts
